 Dungeon Crawl Stone Soup version 0.24.0-13-gcf9b3192b9 (webtiles) character file.

Game seed: 9244112537688463680, levelgen mode: deterministic

39 SaintRoka the Insei (level 3, 0/28 HPs)
             Began as a Gnoll Transmuter on Nov 5, 2019.
             Succumbed to an adder's poison
             ... on level 3 of the Dungeon.
             The game lasted 00:02:25 (786 turns).

SaintRoka the Insei (Gnoll Transmuter)               Turns: 786, Time: 00:02:26

Health: 0/28       AC:  2    Str: 12    XL:     3   Next: 47%
Magic:  8/9        EV: 14    Int: 16    God:
Gold:   90         SH:  0    Dex: 15    Spells: 9/12 levels left

rFire    . . .     SeeInvis .     - Unarmed
rCold    . . .     Gourm    .   (no shield)
rNeg     . . .     Faith    .   b - +0 robe
rPois    .         Spirit   .   (no helmet)
rElec    .         Reflect  .   (no cloak)
rCorr    .         Harm     .   (no gloves)
MR       .....                  (no boots)
Stlth    ++........             (no amulet)
HPRegen  0.09/turn              (no ring)
MPRegen  0.11/turn              (no ring)

@: lethally poisoned (0 -> -7), about to teleport
A: distributed training, fangs 1, strong nose
a: no special abilities


You were on level 3 of the Dungeon.
You were not hungry.

You visited 1 branch of the dungeon, and saw 3 of its levels.

You collected 90 gold pieces.

Inventory:

Hand Weapons
 k - a +0 long sword
Missiles
 a - 23 arrows
Armour
 b - a +0 robe (worn)
 i - a +0 leather armour
Magical Staves
 l - an uncursed staff of energy {unknown}
Jewellery
 c - a cursed +3 ring of evasion {unknown}
 e - an uncursed ring of protection from fire {unknown}
 f - an uncursed amulet of faith {unknown}
Scrolls
 h - a scroll of fog {unknown}
Comestibles
 d - a ration
 j - 3 chunks of flesh


   Skills:
 + Level 2.6 Fighting
 + Level 0.8 Short Blades
 + Level 0.8 Long Blades
 + Level 0.8 Axes
 + Level 0.8 Maces & Flails
 + Level 0.8 Polearms
 + Level 0.8 Staves
 + Level 0.8 Slings
 + Level 0.8 Bows
 + Level 0.8 Crossbows
 + Level 0.8 Throwing
 + Level 0.8 Armour
 + Level 4.5 Dodging
 + Level 0.8 Stealth
 + Level 0.8 Shields
 + Level 6.5 Unarmed Combat
 + Level 5.0 Spellcasting
 + Level 0.5 Conjurations
 + Level 0.5 Hexes
 + Level 0.5 Charms
 + Level 0.5 Summonings
 + Level 0.5 Necromancy
 + Level 0.5 Translocations
 + Level 3.7 Transmutations
 + Level 0.5 Fire Magic
 + Level 0.5 Ice Magic
 + Level 0.5 Air Magic
 + Level 0.5 Earth Magic
 + Level 0.5 Poison Magic
 + Level 1.0 Invocations
 + Level 0.8 Evocations


You had 9 spell levels left.
You knew the following spells:

 Your Spells              Type           Power        Failure   Level  Hunger
a - Beastly Appendage     Tmut           ###...       3%          1    None
b - Sticks to Snakes      Tmut           ###.....     4%          2    #......

Your spell library contained the following spells:

 Spells                   Type           Power        Failure   Level  Hunger
 Spider Form              Tmut/Pois      ##........   19%         3    ###....
 Ice Form                 Ice/Tmut       ##......     52%         4    ####...
 Blade Hands              Tmut           ###.......   65%         5    ######.


Dungeon Overview and Level Annotations

Branches:
Dungeon (3/15)

Altars:

Annotations:
D:3 2 runed translucent doors, Delamore's ghost, amateur HOMo


Innate Abilities, Weirdness & Mutations

Your experience applies equally to all skills.
You have very sharp teeth.
Your uncanny sense of smell can sniff out nearby items.


Message History

The adder bites you.
* * * LOW HITPOINT WARNING * * *
You are more poisoned.
The adder poisons you!
Found a runed translucent door.
You aren't carrying any potions.
* * * LOW HITPOINT WARNING * * *
You feel sick.
Your ball python bites the adder but does no damage.
Your ball python constricts the adder.
The adder struggles to escape constriction.
Your ball python bites the adder.
Your ball python constricts the adder.
You hit the adder but do no damage.
The adder struggles to escape constriction.
The adder completely misses you.
Your ball python bites the adder.
Your ball python constricts the adder.
The adder escapes!
Unknown command.
As you read the scroll of teleportation, it crumbles to dust.
You feel strangely unstable.
You die... #....<.##..## ≈SS

#....#.....). #+#
#.########### ...
### ∆ #.# ∆ #.###
#...# ∆ #..# #@#
#S### #S..##
#S<..## ###...#
#(.#.####
#.##....#
###.##....#
#.........#######


You could see 3 adders, a ball python (wandering) and a friendly ball python.

Vanquished Creatures
  2 adders
  A dart slug (D:1)
  A leopard gecko (D:2)
  3 bats
  2 giant cockroaches
  4 goblins
  4 hobgoblins
  A kobold (D:2)
  A rat (D:3)
19 creatures vanquished.

Vanquished Creatures (collateral kills)
  A dart slug (D:2)
  A goblin (D:2)
2 creatures vanquished.

Grand Total: 21 creatures vanquished

Notes
Turn   | Place    | Note
-------+----------+-------------------------------------------
     0 | D:1      | SaintRoka the Gnoll Transmuter began the quest for the Orb.
     0 | D:1      | Reached XP level 1. HP: 17/17 MP: 6/6
   209 | D:1      | Reached XP level 2. HP: 16/23 MP: 7/7
   214 | D:1      | Learned a level 2 spell: Sticks to Snakes
   645 | D:2      | Reached XP level 3. HP: 26/28 MP: 7/9
   660 | D:3      | Found a runed translucent door.
   661 | D:3      | Noticed Delamore's ghost (amateur HOMo)
   695 | D:3      | Reached skill level 5 in Spellcasting
   775 | D:3      | Reached skill level 1 in Invocations
   783 | D:3      | Found a runed translucent door.
   784 | D:3      | HP: 1/28 [poisoned by an adder]
   786 | D:3      | Succumbed to an adder's poison

Levels and vault maps discovered:
D:1:      psy_arrival_fountain, layout_basic
D:2:      layout_rooms
D:3:      layout_rooms, tgw_xom, lemuel_round_altar, old_standard_altar,
          ebering_ghost_sewer_f, minmay_distorted, uniq_jessica, uniq_robin,
          uniq_natasha

Skill      XL: |  1  2  3 |
---------------+----------+-----
Spellcasting   | 5 |  5.0
Invocations    | 1 |  1.0
Fighting       | |  2.6
Short Blades   | |  0.8
Long Blades    | |  0.8
Axes           | |  0.8
Maces & Flails | |  0.8
Polearms       | |  0.8
Staves         | |  0.8
Slings         | |  0.8
Bows           | |  0.8
Crossbows      | |  0.8
Throwing       | |  0.8
Armour         | |  0.8
Dodging        | |  4.5
Stealth        | |  0.8
Shields        | |  0.8
Unarmed Combat | |  6.5
Conjurations   | |  0.5
Hexes          | |  0.5
Charms         | |  0.5
Summonings     | |  0.5
Necromancy     | |  0.5
Translocations | |  0.5
Transmutations | |  3.7
Fire Magic     | |  0.5
Ice Magic      | |  0.5
Air Magic      | |  0.5
Earth Magic    | |  0.5
Poison Magic   | |  0.5
Evocations     | |  0.8

Action                   || total
-------------------------++-------
Melee: Unarmed           ||    43
       Kick              ||     1
       Headbutt          ||     6
       Bite              ||     3
 Cast: Beastly Appendage ||     6
       Sticks to Snakes  ||     3
  Use: Scroll            ||     2
 Stab: Sleeping          ||     1
Armor: Robe              ||     8
Dodge: Dodged            ||    56
